AoeStats
← nonoleboss

Fortress

509955172Analyzed
4v4 RM · 4d ago on Sep 28, 2026· 80m 33s· 8 players
Game mode
Random Map
Map size
Huge
Population
200
Speed
Normal
Resources
Standard
Victory
Conquest
Starting age
Dark Age
Ending age
Imperial Age
RankedLock teamsTeams togetherTeam positionsShared explorationLock speedFull tech treeHidden civsTurbo modeCheats
Victory
Defeat
🇺🇸 Malians · United States
1275
+12
🇺🇸 Bulgarians · United States
1274
+12
🇫🇷 Shu · France
1265
+12
🇳🇿 Wu · New Zealand
1241
+13
🇬🇧 Gurjaras · United Kingdom
1198
-12
🇬🇧 Goths · United Kingdom
1197
-13
🇬🇧 Chinese · United Kingdom
1177
-12
🇬🇧 Saracens · United Kingdom
1175
-12
iskk
7:35 Feudal Age
11:19 Castle Age
9:26 Double-Bit Axe
9:35 Horse Collar
12:20 Bow Saw
14:02 Heavy Plow
16:45 Loom
17:58 Wheelbarrow
17:56 Stone Mining
23:07 Scale Barding Armor
22:53 Fletching
24:00 Bodkin Arrow
27:19 Imperial Age
25:37 Chain Barding Armor
25:28 Forging
25:53 Stirrups
26:34 Heated Shot
27:05 Ballistics
28:21 Iron Casting
28:45 Plate Barding Armor
30:05 Blast Furnace
29:06 Bracer
30:09 Chemistry
29:20 Masonry
29:40 Conscription
29:42 Elite Konnik
31:49 Architecture
32:38 Siege Engineers
37:56 Padded Archer Armor
37:56 Scale Mail Armor
39:00 Caravan
41:19 Crop Rotation
43:09 Town Watch
44:08 Hand Cart
43:56 Town Patrol
45:28 Bagains
46:22 Chain Mail Armor
46:23 Leather Archer Armor
46:48 Coinage
46:53 Murder Holes
46:49 Guard Tower
50:19 Plate Mail Armor
50:37 Keep
54:57 Capped Ram
55:01 Onager
55:02 Heavy Scorpion
55:57 Siege Ram
68:13 Siege Onager
74:28 Gambesons
74:44 Squires
74:29 Arson
ryaNNN
7:58 Feudal Age
12:03 Castle Age
10:08 Horse Collar
10:34 Double-Bit Axe
11:49 Gold Mining
12:54 Heavy Plow
13:07 Bow Saw
16:53 Wheelbarrow
22:05 Scale Mail Armor
22:15 Forging
22:11 Squires
21:56 Arson
23:46 Hand Cart
23:16 Loom
23:17 Town Watch
25:29 Iron Casting
28:16 Imperial Age
26:48 Scale Barding Armor
26:34 Fletching
28:01 Gold Shaft Mining
27:24 Stone Mining
28:07 Husbandry
28:17 Bloodlines
29:06 Caravan
29:08 Heavy Camel Rider
30:56 Stone Shaft Mining
30:40 Farimba
31:01 Conscription
30:44 Tigui
31:21 Hoardings
31:33 Chain Barding Armor
31:08 Bodkin Arrow
32:51 Crop Rotation
34:53 Plate Barding Armor
34:19 Padded Archer Armor
34:34 Chain Mail Armor
34:33 Guilds
37:56 Plate Mail Armor
42:23 Masonry
42:33 Ballistics
43:14 Chemistry
42:10 Murder Holes
41:56 Treadmill Crane
42:37 Leather Archer Armor
42:55 Elite Gbeto
44:17 Light Cavalry
49:50 Pikeman
49:51 Man-at-Arms
52:59 Ring Archer Armor
52:03 Capped Ram
54:54 Architecture
54:15 Guard Tower
59:47 Long Swordsman
60:47 Two-Handed Swordsman
61:57 Thumb Ring
61:13 Elite Skirmisher
61:14 Heavy Cavalry Archer
62:47 Keep
64:32 Onager
65:51 Siege Onager
79:43 Champion
自闭男孩
6:58 Feudal Age
7:22 Horse Collar
7:29 Double-Bit Axe
13:55 Castle Age
15:13 Bow Saw
15:36 Heavy Plow
16:54 Wheelbarrow
20:04 Hand Cart
21:18 Scale Mail Armor
21:29 Forging
23:23 Squires
23:53 Chain Mail Armor
23:51 Gold Mining
26:27 Iron Casting
29:27 Imperial Age
28:10 Red Cliffs Tactics
31:28 Blast Furnace
30:59 Plate Mail Armor
29:53 Elite Fire Archer
32:25 Onager
34:04 Caravan
37:09 Chemistry
36:30 Ballistics
43:02 Two-Man Saw
43:09 Man-at-Arms
46:08 Long Swordsman
47:19 Conscription
51:37 Elite Skirmisher
52:26 Padded Archer Armor
52:16 Fletching
52:53 Two-Handed Swordsman
55:17 Bodkin Arrow
55:38 Leather Archer Armor
55:32 Champion
57:30 Bracer
74:28 Coinage
79:30 Husbandry
nonoleboss
8:31 Feudal Age
12:22 Castle Age
10:10 Double-Bit Axe
10:08 Horse Collar
13:36 Bow Saw
16:36 Loom
17:33 Town Watch
30:24 Scale Mail Armor
40:28 Chain Mail Armor
40:23 Forging
41:44 Squires
44:21 Imperial Age
42:26 Wheelbarrow
43:19 Coiled Serpent Array
45:42 Plate Mail Armor
45:48 Elite White Feather Guard
46:50 Conscription
47:12 Forging
47:41 Hoardings
47:29 Hand Cart
52:29 Masonry
54:24 Bolt Magazine
54:53 Siege Engineers
57:31 Fletching
57:42 Padded Archer Armor
58:17 Ballistics
59:01 Crossbowman
59:48 Thumb Ring
60:47 Caravan
64:40 Arbalester
68:20 Chemistry
73:08 Guilds
81:13 Coinage
HuwMJ
9:38 Feudal Age
14:02 Castle Age
13:38 Loom
14:29 Wheelbarrow
14:11 Double-Bit Axe
14:11 Horse Collar
16:45 Stone Mining
17:53 Elite Skirmisher
22:40 Fletching
24:24 Hand Cart
29:10 Imperial Age
26:44 Crossbowman
28:12 Thumb Ring
28:38 Padded Archer Armor
28:48 Forging
29:11 Bodkin Arrow
29:49 Great Wall
30:15 Conscription
30:51 Leather Archer Armor
33:31 Bracer
36:13 Conscription
44:27 Pikeman
45:12 Scale Mail Armor
48:27 Heavy Plow
54:14 Iron Casting
53:56 Chain Mail Armor
55:56 Halberdier
69:43 Bow Saw
70:17 Caravan
Dai383
9:12 Feudal Age
9:59 Double-Bit Axe
12:43 Castle Age
10:59 Fletching
11:03 Horse Collar
14:18 Gold Mining
14:41 Bow Saw
17:23 Wheelbarrow
17:52 Heavy Plow
18:15 Bodkin Arrow
20:35 Loom
21:40 Padded Archer Armor
22:37 Thumb Ring
23:38 Kshatriyas
25:50 Hand Cart
30:24 Imperial Age
29:34 Gold Shaft Mining
30:43 Bloodlines
30:33 Husbandry
30:46 Scale Mail Armor
30:57 Forging
31:04 Stone Mining
32:06 Conscription
32:29 Ballistics
33:21 Chemistry
33:00 Siege Elephant
34:26 Bracer
36:33 Frontier Guards
38:04 Elite Elephant Archer
39:01 Murder Holes
39:23 Leather Archer Armor
54:16 Caravan
71:08 Light Cavalry
71:57 Scale Barding Armor
71:51 Hussar
73:35 Chain Barding Armor
73:52 Iron Casting
jamiefunnell
7:36 Feudal Age
9:28 Double-Bit Axe
9:28 Horse Collar
12:01 Castle Age
12:42 Gold Mining
12:57 Scale Mail Armor
13:10 Bow Saw
18:12 Chain Mail Armor
19:37 Loom
21:06 Wheelbarrow
25:21 Hand Cart
25:10 Heavy Plow
25:03 Stone Mining
29:26 Imperial Age
27:27 Forging
28:15 Squires
28:30 Anarchy
29:25 Iron Casting
28:30 Pikeman
28:30 Man-at-Arms
29:26 Long Swordsman
31:29 Blast Furnace
31:42 Chemistry
30:47 Padded Archer Armor
31:10 Conscription
30:51 Perfusion
31:41 Elite Huskarl
33:17 Leather Archer Armor
33:08 Town Watch
35:20 Halberdier
36:34 Ring Archer Armor
36:02 Fletching
36:09 Two-Handed Swordsman
36:45 Champion
39:04 Bodkin Arrow
41:11 Bracer
49:47 Caravan
50:59 Ballistics
56:28 Treadmill Crane
56:59 Masonry
61:10 Architecture
60:13 Capped Ram
67:09 Elite Skirmisher
ProfessionalPlayer
1:32 Loom
8:16 Feudal Age
16:23 Castle Age
14:48 Horse Collar
14:59 Double-Bit Axe
16:30 Scale Barding Armor
16:35 Forging
16:47 Gold Mining
18:13 Heavy Plow
18:44 Bloodlines
22:21 Wheelbarrow
23:28 Husbandry
25:31 Hand Cart
31:08 Imperial Age
31:16 Iron Casting
30:44 Scale Mail Armor
31:06 Chain Barding Armor
30:49 Scale Mail Armor
35:06 Gold Shaft Mining
34:22 Stone Mining
36:29 Elite Mameluke
38:46 Heavy Camel Rider
40:45 Plate Barding Armor
41:11 Blast Furnace
43:48 Bow Saw
43:06 Light Cavalry
44:27 Hussar
54:45 Caravan
55:22 Coinage
58:37 Banking
69:39 Chain Mail Armor
72:30 Two-Man Saw
73:27 Man-at-Arms
74:12 Squires
74:03 Long Swordsman
74:38 Two-Handed Swordsman
75:45 Champion
Connection lost

Rejoining the realm…

Still unreachable

The connection could not be restored.

Session expired

The server has moved on; the page needs a fresh start.